 Dungeon Crawl Stone Soup version 0.23-a0-644-gb60d84b (webtiles) character file.

63 Lanoc the Ruffian (level 3, -10/36 HPs)
             Began as a Troll Monk on Jan 2, 2019.
             Was a Plaything of Xom.
             Killed by nerve-wracking pain
             ... invoked by Grinder
              (13 damage)
             ... on level 3 of the Dungeon.
             The game lasted 00:01:46 (497 turns).

Lanoc the Ruffian (Troll Monk)                       Turns: 497, Time: 00:01:47

Health: -10/36     AC:  5    Str: 20    XL:     3   Next: 87%
Magic:  2/2        EV: 10    Int:  6    God:    Xom [..*...]
Gold:   56         SH:  2    Dex: 12    Spells: 2/2 levels left

rFire    . . .     SeeInvis .     - Unarmed
rCold    . . .     Gourm    +   (no shield)
rNeg     . . .     Faith    .   a - +0 robe
rPois    .         Spirit   .   (helmet restricted)
rElec    .         Reflect  +   (no cloak)
rCorr    .         Harm     .   (gloves unavailable)
MR       .....                  (boots unavailable)
Stlth    +.........             f - +2 amulet of reflection
HPRegen  0.52/turn              (no ring)
MPRegen  0.08/turn              (no ring)

@: heavily drained
A: large, unfitting armour, claws 3, fast metabolism 3, gourmand, regeneration
1, shaggy fur 1, tough skin 2
a: Renounce Religion


You were on level 3 of the Dungeon.
You worshipped Xom.
You were a toy of Xom.
You were not hungry.

You visited 1 branch of the dungeon, and saw 3 of its levels.

You collected 56 gold pieces.

Inventory:

Armour
 a - a +0 robe (worn)
Jewellery
 f - a +2 amulet of reflection (around neck)
Wands
 d - a wand of flame (16)
Scrolls
 c - 2 scrolls of enchant weapon {unknown}
 e - a scroll of magic mapping {unknown}
Comestibles
 b - 3 rations


   Skills:
 + Level 2.9(1.6) Fighting
 + Level 2.8(1.5) Dodging
 - Level 1.0(0.0) Stealth
 * Level 4.0(2.7) Unarmed Combat


You had 2 spell levels left.
You didn't know any spells.
Your spell library was empty.

Dungeon Overview and Level Annotations

Branches:
Dungeon (3/15)

Altars:
Xom

Annotations:
D:3 Grinder


Innate Abilities, Weirdness & Mutations

You are too large for most types of armour.
You have claws for hands.
Your metabolism is lightning-fast.
You like to eat raw meat.
Your natural rate of healing is unusually fast.
You are covered in fur. (AC +1)
You have very tough skin. (AC +2)


Message History

* * * LOW HITPOINT WARNING * * *
You can move again.
You claw the orc!
You kill the orc!
Grinder gestures at you.
You shrug off the repeated paralysis!
You scratch the kobold.
You kill the kobold!
You aren't carrying any potions.
Okay, then.
You completely miss Grinder. Grinder hits you.
* * * LOW HITPOINT WARNING * * *
You emit a cloud of colourful smoke!
You writhe in agony.
* * * LOW HITPOINT WARNING * * *
You closely miss Grinder. Grinder gestures at you.
Pain shoots through your body!
You die...
Xom chortles!

....#...# #......#
......... ..
#.#.#### ......#..
##.. #.#.#
......#..
..####.#.# .....
#.. .......#.##
..... #..
##........# ####
#..
.........÷######..
#.. ∆
#.....§..........
###
#....5@§..)......
##
#.....§§.........
#.
#....[...........
#.
....##)#..........
.........#######..
....###### . ...
.. . . .o


You could see Grinder.

Vanquished Creatures
  3 adders
  A dart slug (D:1)
  2 leopard geckos
  5 orcs (D:3)
  2 goblins
  3 hobgoblins
  5 kobolds
  2 bats
  A frilled lizard (D:1)
  3 rats
27 creatures vanquished.

Notes
Turn   | Place    | Note
-------+----------+-------------------------------------------
     0 | D:1      | Lanoc the Troll Monk began the quest for the Orb.
     0 | D:1      | Reached XP level 1. HP: 22/22 MP: 0/0
    77 | D:2      | Reached XP level 2. HP: 29/29 MP: 1/1
   191 | D:2      | Reached XP level 3. HP: 25/36 MP: 2/2
   298 | D:3      | Found a faded altar of an unknown god.
   301 | D:3      | Became a worshipper of Xom of Chaos
   444 | D:3      | XOM: divination: detect items
   474 | D:3      | Noticed Grinder
   479 | D:3      | Reached skill level 4 in Unarmed Combat
   484 | D:3      | Paralysed by Grinder for 7 turns
   496 | D:3      | XOM: smoke on damage
   497 | D:3      | Killed from afar by Grinder

Vault maps used:
D:1:      eino_arrival_water_cross, minmay_small_reverse_x
D:3:      first_ration, chequers_ecumenical_altar_grove, grunt_dithmenos_smoke,
          uniq_grinder

Skill      XL: |  1  2  3 |
---------------+----------+-----
Unarmed Combat | 4 |  4.0
Fighting       | |  2.9
Dodging        | |  2.8
Stealth        | |  1.0

Action                   || total
-------------------------++-------
Melee: Unarmed           ||    71
  Eat: Chunk             ||     2
Armor: Robe              ||    18
Dodge: Dodged            ||    38
Block: Other             ||     1

Table legend:
 A = Non-vault XP
 B = Vault XP
 C = Vault XP percentage of total XP
 D = Non-vault monster count
 E = Vault monster count
 F = Vault count percentage of total count
                 A         B        C        D         E       F
            +---------+---------+-------+---------+---------+-------
      Total |      90 |       0 |   0.0 |      27 |       0 |   0.0
            +---------+---------+-------+---------+---------+-------
        D:1 |       9 |       0 |   0.0 |       5 |       0 |   0.0
        D:2 |      39 |       0 |   0.0 |       8 |       0 |   0.0
        D:3 |      42 |       0 |   0.0 |      14 |       0 |   0.0
            +---------+---------+-------+---------+---------+-------
